 Dungeon Crawl Stone Soup version 0.29.1-2-gbd0b4ee654 (webtiles) character file.

Game seed: 1394186279380657324

606 Icepheonix32 the Ruffian (level 6, -3/47 HPs)
             Began as a Demigod Transmuter on Nov 9, 2022.
             Slain by a steam dragon (5 damage)
             ... on level 5 of the Dungeon.
             The game lasted 00:08:29 (5168 turns).

Icepheonix32 the Ruffian (Demigod Transmuter)       Turns: 5168, Time: 00:08:30

Health: -3/47      AC:  2    Str: 15    XL:     6   Next: 98%
Magic:  11/13      EV: 20    Int: 19    God:
Gold:   200        SH:  0    Dex: 19    Spells: 5/11 levels left

rFire   . . .      SeeInvis .     - Unarmed
rCold   . . .      Faith    .   (shield currently unavailable)
rNeg    . . .      Spirit   .   (body armour currently unavailable)
rPois   x          Reflect  .   (helmet currently unavailable)
rElec   .          Harm     .   (cloak currently unavailable)
rCorr   +          Rampage  .   (gloves currently unavailable)
Will    .....                   (boots currently unavailable)
Stlth   ++........              (no amulet)
HPRegen 0.15/turn               k - ring of resist corrosion
MPRegen 0.13/turn               (no ring)

@: spider-form
A: venomous fangs, tiny, high MP 1, forlorn, divine attributes
a: End Transformation


You were on level 5 of the Dungeon.
You were a venomous arachnid creature.
You visited 1 branch of the dungeon, and saw 5 of its levels.

You collected 200 gold pieces.

Inventory:

Missiles
 d - 20 poisoned darts
 g - 2 javelins
Armour
 a - a +1 robe of positive energy
 c - a +1 leather armour
 i - the +2 robe of Intercession (melded) {Fly Str-4 Slay+2}
   (You found it on level 4 of the Dungeon)

   Str:       It affects your strength (-4).
   Slay:      It affects your accuracy & damage with ranged weapons and melee
   (+2).
   Fly:       It grants you flight.
Jewellery
 j - an amulet of faith
 k - a ring of resist corrosion (left front leg)
Scrolls
 b - a scroll of identify
 e - 2 scrolls of teleportation
 m - a scroll of enchant armour
Potions
 f - a potion of ambrosia
 l - a potion of brilliance
 n - a potion of mutation
 o - 2 potions of might


   Skills:
 + Level 1.3 Fighting
 + Level 2.1 Armour
 * Level 2.9 Dodging
 + Level 0.7 Stealth
 + Level 4.4 Unarmed Combat
 + Level 3.0 Spellcasting
 * Level 4.2 Transmutations
 + Level 0.3 Poison Magic


You had 5 spell levels left.
You knew the following spells:

 Your Spells              Type           Power      Damage    Failure   Level
a - Beastly Appendage     Tmut           36%        N/A       10%         1
b - Spider Form           Tmut/Pois      11%        N/A       38%         3
c - Wereblood             Tmut           18%        N/A       13%         2

Your spell library contained the following spells:

 Spells                   Type           Power      Damage    Failure   Level
 Dazzling Flash           Conj/Hex       4%         N/A       63%         3
 Ice Form                 Ice/Tmut       10%        N/A       75%         4
 Iskenderun's Mystic Bla  Conj/Tloc      2%         2d3       94%         4
 Starburst                Conj/Fire      1%         6d3       100%        6


Dungeon Overview and Level Annotations

Branches:
Dungeon (5/15)             Temple (0/1) D:5

Shops:
D:3 (


Innate Abilities, Weirdness & Mutations

You are a venomous arachnid creature.
You have poisonous fangs.
You are tiny and dextrous.
Your spellcasting is less reliable in this form.
Your armour is entirely melded.
You are incapable of wielding weapons or throwing items.
You have an increased reservoir of magic. (+10% MP)
You shall have no god before yourself.
Your divine heritage dramatically boosts your attributes as you level up.


Message History

Unknown command.
Casting: Beastly Appendage (safe; 2% risk of failure)
Confirm with . or Enter, or press ? or * to list all spells.
You turn into a venomous arachnid creature.
The +2 robe of Intercession {Fly Str-4 Slay+2} melds into your body.
You float gracefully downwards.
Unknown command.
You can't do that in your present form.
Unknown command.
The steam dragon bites you but does no damage.
The steam dragon claws you.
You hit the steam dragon.
The steam dragon is poisoned.
The steam dragon is lightly wounded.
The steam dragon closely misses you. The steam dragon claws you.
You hit the steam dragon.
The steam dragon is lightly wounded.
The steam dragon bites you!
The steam dragon claws you but does no damage.
You hit the steam dragon.
The steam dragon is moderately wounded.
The steam dragon barely misses you.
The steam dragon claws you but does no damage.
You bite the steam dragon!
The steam dragon looks as sick as possible!
The steam dragon is severely wounded.
The steam dragon breathes steam at you. The ball of steam hits you!!
Ouch! That really hurt!
* * * LOW HITPOINT WARNING * * *
You feel better.
You are engulfed in a cloud of scalding steam.
* * * LOW HITPOINT WARNING * * *
The steam dragon misses you. The steam dragon claws you.
* * * LOW HITPOINT WARNING * * *
Unknown command.
You feel better.
You are engulfed in a cloud of scalding steam.
* * * LOW HITPOINT WARNING * * *
The steam dragon completely misses you. The steam dragon claws you.
You die...

#.........# #.........#
#.........# #.........#
..........#####
#.###...#......
#..###..PPP###########(.
##......PPP....#.§.....#
####...>.P###§§sD..#
#....P.PP#.§.####.....
#.....)....### ##.
#....#...### #......#.#
###....###.# ##.....#
#.# .......# #.#
#.....)###.##


You could see a steam dragon (extremely poisoned, catching breath).

Vanquished Creatures
  Blork the orc (D:4)
  A necrophage (D:4)
  2 scorpions (D:4)
  A hound (D:4)
  2 jellies (D:4)
  2 iguanas (D:4)
  Natasha (thrice) (D:2)
  7 adders
  A dart slug (D:2)
  6 orcs
  5 endoplasms
  5 giant cockroaches
  6 goblins
  4 hobgoblins
  15 jackals
  4 kobolds
  A quokka (D:1)
  6 ball pythons
  5 bats
  5 frilled lizards
  10 rats
92 creatures vanquished.

Notes
Turn   | Place    | Note
-------+----------+-------------------------------------------
     0 | D:1      | Icepheonix32 the Demigod Transmuter began the quest for the
                  | Orb.
     0 | D:1      | Reached XP level 1. HP: 15/15 MP: 5/5
   405 | D:1      | Reached XP level 2. HP: 9/22 MP: 5/7
  1634 | D:2      | Reached XP level 3. HP: 5/27 MP: 7/9
  2192 | D:2      | Noticed Natasha
  2201 | D:2      | Killed Natasha
  2381 | D:2      | Reached XP level 4. HP: 34/34 MP: 10/10
  2430 | D:2      | Reached skill level 1 in Armour
  2580 | D:2      | Noticed Natasha
  2589 | D:2      | Killed Natasha
  2599 | D:2      | Noticed Natasha
  2604 | D:2      | Killed Natasha
  2605 | D:2      | Reached skill level 1 in Fighting
  2875 | D:3      | Reached XP level 5. HP: 33/40 MP: 11/11
  3282 | D:3      | Learned a level 3 spell: Spider Form
  3285 | D:3      | Learned a level 2 spell: Wereblood
  3339 | D:3      | Found Ubazuas's Weapon Shop.
  3571 | D:4      | Noticed Blork the orc
  3828 | D:4      | Killed Blork the orc
  3829 | D:4      | Reached XP level 6. HP: 47/47 MP: 3/13
  3995 | D:4      | Identified the +2 robe of Intercession {Fly Str-4 Slay+2}
  5082 | D:5      | Entered Level 5 of the Dungeon
  5087 | D:5      | Found a staircase to the Ecumenical Temple.
  5156 | D:5      | Noticed a steam dragon
  5167 | D:5      | HP: 2/47 [steam dragon] (8)]
  5168 | D:5      | Slain by a steam dragon

Illustrated notes

Levels and vault maps discovered:
D:1:      lightli_arrival_statuegarden, layout_basic
D:2:      layout_basic, basic_ecumenical_altar, minmay_tetromino_i4,
          uniq_natasha
D:3:      layout_rooms, lemuel_blue_sif_altar, nicolae_overflow_hidden_temple,
          serial_shops, nicolae_shop_waterfront,
          amcnicky_mini_rare_corridor_liquid
D:4:      layout_basic, uniq_blork_the_orc
D:5:      layout_rooms, minmay_temple_entry_overgrown, uniq_menkaure

Skill      XL: |  1  2  3  4  5  6 |
---------------+-------------------+-----
Transmutations | 2 3 4 |  4.2
Dodging        | 2 |  2.9
Unarmed Combat | 3 4 |  4.4
Spellcasting   | 2 3 |  3.0
Armour         | 1 2 |  2.1
Fighting       | 1 |  1.3
Stealth        | |  0.7
Poison Magic   | |  0.3

Action                   |  1- 3 |  4- 6 || total
-------------------------+-------+-------++-------
Melee: Unarmed           |   103 |   170 ||   273
       Kick              |    21 |    29 ||    50
       Headbutt          |    10 |    28 ||    38
       Punch             |     1 |     7 ||     8
Throw: Dart              |       |     6 ||     6
 Cast: Beastly Appendage |    27 |    22 ||    49
       Wereblood         |       |     3 ||     3
       Spider Form       |       |     1 ||     1
  Use: Scroll            |     3 |     7 ||    10
       Potion            |     1 |     8 ||     9
Armor: Robe              |     3 |     4 ||     7
       Leather armour    |    36 |    25 ||    61
       Skin              |     5 |    11 ||    16
Dodge: Dodged            |    74 |    88 ||   162
